 Dungeon Crawl Stone Soup version 0.19.0-11-g3fc08b3 (webtiles) character file.

11549 dobroeutro the Severer (level 11, -1/139 HPs)
             Began as a Minotaur Berserker on Nov 8, 2016.
             Was the Champion of Trog.
             Slain by a manticore (9 damage)
             ... on level 11 of the Dungeon.
             The game lasted 00:16:50 (9898 turns).

dobroeutro the Severer (Minotaur Berserker)         Turns: 9898, Time: 00:16:51

Health: -1/139     AC: 13    Str: 29    XL:     11   Next: 50%
Magic:  10/10      EV:  9    Int: 11    God:    Trog [******]
Gold:   536        SH:  8    Dex: 13    Spells: 0 memorised, 10 levels left

rFire  . . .     SeeInvis .     H - +0 war axe
rCold  . . .     Gourm    .     b - +2 chain mail
rNeg   + . .     Faith    .     y - +0 shield
rPois  .         Spirit   .     (helmet restricted)
rElec  .         Reflect  .     l - +0 cloak (curse)
rCorr  .         Harm     .     (no gloves)
MR     .....                    (no boots)
Stlth  ..........               (no amulet)
                                j - ring of stealth
                                F - ring of positive energy

@: brilliant, berserking, barbed spikes, flying, very slightly contaminated,
hasted, very quick
A: retaliatory headbutt, horns 2, agile 1, blink, clever 1, wild magic 1
a: Blink, Berserk, Trog's Hand, Brothers in Arms, Burn Spellbooks, Renounce
Religion


You were on level 11 of the Dungeon.
You worshipped Trog.
Trog was exalted by your worship.
You were not hungry.

You visited 1 branch of the dungeon, and saw 11 of its levels.

You collected 536 gold pieces.

Inventory:

Hand Weapons
 H - a +0 war axe (weapon)
Armour
 b - a +2 chain mail (worn)
 l - a cursed +0 cloak (worn)
 y - a +0 shield (worn)
 A - +0 ice dragon scales
 K - the +3 leather armour of a Hundred Souls {rCorr}
   (You found it on level 7 of the Dungeon)

   It protects you from acid and corrosion.
Jewellery
 j - a ring of stealth (right hand)
 u - a +4 ring of intelligence
 v - an uncursed ring of ice
 F - a ring of positive energy (left hand)
Wands
 w - a wand of random effects (23/48)
 G - a wand of acid (8/15)
 I - a wand of confusion (29/48)
 L - a wand of digging (11/24)
 P - a wand of flame (16/48)
 Q - a wand of acid (4/15)
 R - a wand of lightning (7/15)
Scrolls
 e - 13 scrolls of identify
 n - 5 scrolls of remove curse
 r - 4 scrolls of teleportation
 t - a scroll of recharging
 E - 2 scrolls of magic mapping
 J - a scroll of enchant weapon
 M - 3 scrolls of fog
 N - 2 scrolls of fear
Potions
 d - a potion of magic
 f - 2 potions of berserk rage
 g - 4 potions of agility
 i - 2 potions of might {unknown}
 k - a potion of haste
 o - a potion of brilliance
 q - 3 potions of flight
 s - a potion of degeneration {unknown}
 x - a potion of lignification {unknown}
 z - a potion of cancellation {unknown}
 B - a potion of ambrosia {unknown}
 C - a potion of mutation {unknown}
 D - a potion of heal wounds {unknown}
 O - a potion of curing {unknown}
Comestibles
 a - 7 chunks of flesh
 c - 9 bread rations
 h - 3 beef jerkies
 m - 5 fruits
 p - 8 meat rations


   Skills:
 + Level 7.7 Fighting
 + Level 17.5 Axes
 + Level 7.3 Armour
 + Level 6.3 Dodging


You had 10 spell levels left.
You didn't know any spells.

Dungeon Overview and Level Annotations

Branches:
Dungeon (11/15)            Temple (0/1) D:7            Lair (0/6) D:11
    Orc (0/2) D:10

Altars:
Dithmenos
Elyvilon
Fedhas
Gozag
Hepliaklqana
Sif Muna
Zin
The Shining One
Beogh

Annotations:
D:5 Prince Ribbit


Innate Abilities, Weirdness & Mutations

You reflexively headbutt those who attack you in melee.
You have a pair of horns on your head.
You are agile. (Dex +2)
You can translocate small distances at will.
Your mind is acute. (Int +2)
Your spells are a little harder to cast, but a little more powerful.


Message History

The vampire mosquito buzzes angrily.
You slice the manticore!! Your headbutt misses the manticore.
The manticore is severely wounded.
You slash the vampire mosquito!
You destroy the vampire mosquito!
Trog accepts your kill.
You slash the hungry ghost!
You are too berserk!
You slash the manticore! Your headbutt misses the manticore.
The manticore is almost dead.
You slash the hungry ghost!
Unknown command.
You closely miss the manticore. Your headbutt misses the manticore.
The manticore is almost dead.
You slash the hungry ghost!
You feel the power of Trog in you as your rage grows.
You destroy the hungry ghost!
Trog accepts your kill. The manticore bites you!
You die...

,,,*,*,,,,*≈≈*,********,,,,******
,,,,,****#####.....,,,,,,,,,,,,,,
,∩,,,,,,,.........###**,,,,,,,,,,
,,,,,,,,,.......#.?/,,,,,,,,,,,,,
,,,******,.........#****,,,,,,,,,
,,,******###.......##***,,,,,,,,,
,,,,,,,,,...........,,,,.....,,,,
***********#......#####*#...,*,,,
*,,,,,,* #...†@)....###..#*****
*,,,,,,* #...H#####..##..#
*,,,,,,* #....######.##..##
*,,,,,,* #.#..#...........##
***,,,,,,**#,..#.............##
,**,,,,,,,,,yy................#
,,,,,,,,,,,y..#...............###
,,,,,,,,,,.Z..*..................
,,,,,,,,,,,,,,,.........)))......


You could see a manticore, 3 vampire mosquitoes and a bullfrog zombie.

Vanquished Creatures
  Josephine (D:10)
  3 hill giants (D:10)
  Pikel (D:5)
  The ghost of Stormleaks the Cleaver, a novice MiBe of Trog (D:7)
  A manticore (D:11)
  Maurice (D:10)
  Joseph (D:10)
  A gargoyle (D:10)
  A centaur skeleton (D:11)
  A two-headed ogre (D:10)
  Grinder (D:5)
  2 hippogriffs
  Sigmund (D:6)
  A spriggan (D:7)
  4 wraiths (D:10)
  2 wyverns (D:8)
  2 hungry ghosts
  A vampire mosquito (D:11)
  2 ice beasts
  2 sky beasts
  An orc warrior (D:11)
  3 slaves (D:5)
  3 ogres
  3 phantoms
  4 centaurs
  2 bullfrogs
  3 big kobolds
  Blork the orc (D:6)
  A scorpion (D:8)
  14 killer bees
  The ghost of Chiseanne the Stinger, a weakling CeVM (D:3)
  9 wights
  2 electric eels
  A bullfrog zombie (D:6)
  5 crimson imps
  4 jellies
  4 quasits
  5 hounds
  12 orc wizards
  3 orc priests
  2 iguanas
  7 worker ants
  A worker ant zombie (D:10)
  6 gnolls
  17 adders
  A howler monkey skeleton (D:9)
  4 shadow imps
  An adder skeleton (D:6)
  An adder zombie (D:6)
  3 worms
  2 dart slugs
  7 leopard geckos
  30 orcs
  A ball python (D:3)
  2 giant cockroaches (D:4)
  16 goblins
  19 hobgoblins
  13 jackals
  5 quokkas
  2 bats (D:1)
  3 frilled lizards
  A giant cockroach zombie (D:6)
  A jackal skeleton (D:4)
  28 kobolds
  A leopard gecko zombie (D:6)
  3 rats
288 creatures vanquished.

Vanquished Creatures (collateral kills)
  A troll (D:9)
  An orc (D:9)
2 creatures vanquished.

Vanquished Creatures (others)
  A crimson imp (D:6)
  An adder (D:6)
  An orc (D:5)
3 creatures vanquished.

Grand Total: 293 creatures vanquished

Notes
Turn   | Place    | Note
-------+----------+-------------------------------------------
     0 | D:1      | dobroeutro the Minotaur Berserker began the quest for the Orb.
     0 | D:1      | Reached XP level 1. HP: 19/19 MP: 0/0
    67 | D:1      | You fall through a shaft!
    71 | D:2      | Reached skill level 4 in Axes
   150 | D:2      | Reached XP level 2. HP: 26/26 MP: 1/1
   151 | D:2      | Reached skill level 5 in Axes
   153 | D:2      | Reached XP level 3. HP: 31/31 MP: 2/2
   696 | D:1      | Reached ** piety under Trog
   929 | D:1      | Reached XP level 4. HP: 39/39 MP: 3/3
  1194 | D:3      | Reached skill level 6 in Axes
  1270 | D:3      | Noticed Chiseanne's ghost (weakling CeVM)
  1276 | D:3      | Killed Chiseanne's ghost
  1276 | D:3      | Reached XP level 5. HP: 45/45 MP: 4/4
  1311 | D:3      | Reached skill level 7 in Axes
  1445 | D:3      | Reached *** piety under Trog
  1445 | D:3      | Reached skill level 8 in Axes
  2050 | D:4      | Reached XP level 6. HP: 51/51 MP: 5/5
  2166 | D:4      | Found a faded altar of an unknown god.
  2166 | D:4      | Found a deep blue altar of Sif Muna.
  2178 | D:4      | Found a shadowy altar of Dithmenos.
  2180 | D:4      | Found a faded altar of an unknown god.
  2181 | D:4      | Found a glowing golden altar of the Shining One.
  2499 | D:5      | Entered Level 5 of the Dungeon
  2501 | D:5      | Noticed Grinder
  2504 | D:5      | Reached skill level 9 in Axes
  2510 | D:5      | Killed Grinder
  2510 | D:5      | Reached XP level 7. HP: 57/57 MP: 6/6
  2518 | D:5      | Reached skill level 10 in Axes
  2638 | D:5      | Found an opulent altar of Gozag.
  2680 | D:5      | Noticed Prince Ribbit
  2762 | D:5      | Noticed Pikel
  2776 | D:5      | Killed Pikel
  2776 | D:5      | Reached skill level 12 in Axes
  2776 | D:5      | Reached XP level 8. HP: 47/64 MP: 7/7
  3516 | D:6      | Found a glowing silver altar of Zin.
  3573 | D:6      | Noticed Blork the orc
  3580 | D:6      | Killed Blork the orc
  3804 | D:6      | Noticed Sigmund
  3812 | D:6      | Killed Sigmund
  3812 | D:6      | Reached skill level 13 in Axes
  4446 | D:6      | Reached XP level 9. HP: 70/70 MP: 8/8
  5020 | D:7      | Reached skill level 14 in Axes
  5319 | D:7      | Reached **** piety under Trog
  5709 | D:7      | Reached skill level 15 in Axes
  5820 | D:7      | Got a scorched leather armour
  5835 | D:7      | Identified the +3 leather armour of a Hundred Souls {rCorr} (You found it on level 7 of the Dungeon)
  5944 | D:7      | Noticed Stormleaks's ghost (novice MiBe)
  5951 | D:7      | Killed Stormleaks's ghost
  6169 | D:7      | Reached skill level 16 in Axes
  6192 | D:7      | Found a staircase to the Ecumenical Temple.
  6331 | D:8      | Reached XP level 10. HP: 77/77 MP: 9/9
  6673 | D:8      | Reached ***** piety under Trog
  6719 | D:8      | Found a hazy altar of Hepliaklqana.
  7253 | D:8      | Found a white marble altar of Elyvilon.
  7329 | D:8      | Found a blossoming altar of Fedhas.
  7566 | D:8      | Found an opulent altar of Gozag.
  7872 | D:9      | Reached skill level 5 in Fighting
  8423 | D:10     | Entered Level 10 of the Dungeon
  8502 | D:10     | Noticed a hill giant
  8509 | D:10     | Killed a hill giant
  8509 | D:10     | Reached skill level 17 in Axes
  8509 | D:10     | Reached skill level 5 in Armour
  8577 | D:10     | Gained mutation: You can translocate small distances at will. [mutagenic meat]
  8578 | D:10     | Gained mutation: You are agile. (Dex +2) [mutagenic meat]
  8579 | D:10     | Gained mutation: Your spells are a little harder to cast, but a little more powerful. [mutagenic meat]
  8581 | D:10     | Gained mutation: Your mind is acute. (Int +2) [mutagenic meat]
  8609 | D:10     | Noticed Maurice
  8617 | D:10     | Found a staircase to the Orcish Mines.
  8618 | D:10     | Killed Maurice
  8677 | D:10     | Noticed Josephine
  8687 | D:10     | Killed Josephine
  8687 | D:10     | Reached skill level 5 in Dodging
  8687 | D:10     | Reached XP level 11. HP: 91/91 MP: 10/10
  8913 | D:10     | Noticed a hill giant
  8920 | D:10     | Killed a hill giant
  9017 | D:10     | Found a roughly hewn altar of Beogh.
  9043 | D:10     | Found an opulent altar of Gozag.
  9060 | D:10     | Noticed a hill giant
  9069 | D:10     | Killed a hill giant
  9071 | D:10     | Noticed Joseph
  9082 | D:10     | Killed Joseph
  9705 | D:10     | Reached ****** piety under Trog
  9828 | D:10     | Got a smoking rapier
  9879 | D:11     | Received a gift from Trog
  9892 | D:11     | HP: 4/93 [manticore (12)]
  9898 | D:11     | Slain by a manticore

Skill      XL: |  1  2  3  4  5  6  7  8  9 10 11 |
---------------+----------------------------------+-----
Axes           | 4 5 6 8 9 12 13 16 17 | 17.5
Armour         | 5 7 |  7.3
Fighting       | 6 7 |  7.7
Dodging        | 5 6 |  6.3

Action                   |  1- 3 |  4- 6 |  7- 9 | 10-12 || total
-------------------------+-------+-------+-------+-------++-------
Melee: Hand axe          |    65 |   108 |   338 |   199 ||   710
       Headbutt          |    12 |    16 |    50 |    81 ||   159
       War axe           |       |       |       |   166 ||   166
Invok: Berserk           |     1 |     3 |    12 |     9 ||    25
       Burn Spellbooks   |       |       |     1 |       ||     1
  Use: Scroll            |     1 |     9 |     4 |     4 ||    18
       Potion            |       |       |       |     5 ||     5
  Eat: Chunk             |     1 |     6 |    23 |    26 ||    56
       Pizza             |       |       |       |     1 ||     1
Armor: Animal skin       |     1 |       |       |       ||     1
       Ring mail         |    13 |    20 |       |       ||    33
       Chain mail        |       |    16 |   138 |   147 ||   301
Dodge: Dodged            |    35 |    44 |    99 |    73 ||   251
Block: Shield            |       |       |    48 |   104 ||   152
